 Dungeon Sprint DCSS version 0.16.1-28-gcc2312f (webtiles) character file.

55 Kidiri the Magician (level 3, 0/19 HPs)
             Began as a Deep Elf Wizard on May 28, 2015.
             Was a Follower of Sif Muna.
             Shot with an arrow of flame by a centaur (2 damage)
             ... in the Dungeon (Sprint VII: "The Pits").
             The game lasted 00:03:49 (375 turns).

Kidiri the Magician (Deep Elf Wizard)                Turns: 375, Time: 00:03:51

Health: 0/19       AC:  2    Str:  4    XL:     3   Next: 67%
Magic:  1/17       EV: 14    Int: 23    God:    Sif Muna [*.....]
Gold:   0          SH:  0    Dex: 13    Spells: 7 memorised, 1 level left

rFire  . . .     SeeInvis .     k - +2 quarterstaff
rCold  . . .     Clarity  .     a - +0 robe
rNeg   . . .     SustAb   .     (no shield)
rPois  .         Gourm    .     b - +0 hat
rElec  .         Spirit   .     (no cloak)
rCorr  .         Warding  .     (no gloves)
rMut   .         NoTele   +     (no boots)
MR     .....                    (no amulet)
Stlth  ++........               (no ring)
                                (no ring)

@: not resistant to hostile enchantments, unstealthy
A: no striking features
a: Channel Energy, Renounce Religion


You were in the Dungeon.
You worshipped Sif Muna.
Sif Muna was aware of your devotion.
You were not hungry.

You visited 1 branch

Inventory:

Hand weapons
 k - a +2 quarterstaff (weapon)
Armour
 a - a +0 robe (worn)
 b - a +0 hat (worn)
Scrolls
 j - a scroll of blinking
 o - 3 scrolls of remove curse
 p - 5 scrolls of amnesia
 q - a scroll of summoning
Potions
 g - a potion of haste
 h - 4 potions of magic
 i - 2 potions of berserk rage
 n - 2 potions of invisibility
Books
 c - a book of Minor Magic

   Spells                             Type                      Level
   a - Magic Dart                     Conjuration                  1
   b - Blink                          Translocation                2
   c - Call Imp                       Summoning                    2
   d - Repel Missiles                 Charms/Air                   2
   e - Slow                           Hexes                        2
   f - Conjure Flame                  Conjuration/Fire             3
   g - Mephitic Cloud                 Conjuration/Poison/Air       3
Comestibles
 d - 8 bread rations
 l - 40 fruits
 m - 7 meat rations


   Skills:
 + Level 2.4 Staves
 + Level 4.1 Dodging
 - Level 2.4 Stealth
 * Level 7.0 Spellcasting
 + Level 4.6 Conjurations
 + Level 0.0 Hexes
 + Level 0.4 Charms
 + Level 1.2 Summonings
 + Level 1.2 Translocations
 + Level 0.4 Fire Magic
 + Level 0.0 Air Magic
 + Level 0.2 Poison Magic


You had one spell level left.
You knew the following spells:

 Your Spells              Type           Power        Failure   Level  Hunger
a - Magic Dart            Conj           ####         1%          1    None
b - Blink                 Tloc           N/A          10%         2    None
c - Call Imp              Summ           ##......     10%         2    None
d - Conjure Flame         Conj/Fire      ###.....     10%         3    None
e - Repel Missiles        Chrm/Air       #.....       14%         2    None
f - Slow                  Hex            #.......     14%         2    None
g - Mephitic Cloud        Conj/Pois/Air  ###.....     14%         3    None


Dungeon Overview and Level Annotations

Branches:
Dungeon (1/1)

Altars:
Ashenzari
Cheibriados
Dithmenos
Elyvilon
Fedhas
Kikubaaqudgha
Makhleb
Nemelex Xobeh
Okawaru
Ru
Sif Muna
Trog
Vehumet
Xom
Yredelemnul
Zin
The Shining One
Beogh
Jiyva
Lugonu


Message History

Press: ? - help, Shift-Dir - straight line, f/p - centaur
Aim: a centaur (severely wounded)
The magic dart hits the centaur.
The centaur is severely wounded.
The centaur hits you but does no damage.
The centaur misses you.
You hit the centaur but do no damage.
The centaur is severely wounded.
The centaur hits you. x2
Casting: Magic Dart
Confirm with . or Enter, or press ? or * to list all spells.
Okay, then.
Casting: Magic Dart
Confirm with . or Enter, or press ? or * to list all spells.
You blink.
The centaur wields an uncursed shortbow.
The centaur shoots an arrow of flame.
The arrow of flame hits you!
* * * LOW HITPOINT WARNING * * *
The arrow of flame burns you.
You die...

#.........÷.'............
#+#####'#####......#..#..
#..#..# #............
#..†..# ####'#####++#
#.†#### #.......# #..#..#
#.......# #..#..#
#.......#
##'#..#+###...<...#
#..§c..@.##.......#
#..(.....##.......#
###########.......#
#########


You could see a centaur.

Vanquished Creatures
  A worker ant (D)
  A river rat (D)
  2 adders (D)
  A giant eyeball (D)
  A giant gecko (D)
  A bat (D)
  A bat zombie (D)
  A giant newt (D)
9 creatures vanquished.

Vanquished Creatures (others)
  An iron dragon (D)
  An unborn (D)
  A green death (D)
  A deep elf priest (D)
4 creatures vanquished.

Grand Total: 13 creatures vanquished

Notes
Turn   | Place    | Note
--------------------------------------------------------------
     0 | D        | Kidiri, the Deep Elf Wizard, began the quest for the Orb.
     0 | D        | Reached XP level 1. HP: 10/10 MP: 6/6
     3 | D        | Killed a deep elf priest
     6 | D        | Killed an unborn
     8 | D        | Killed a green death
    14 | D        | Reached skill level 5 in Spellcasting
    27 | D        | Found a sacrificial altar of Ru.
    27 | D        | Found a basalt altar of Yredelemnul.
    27 | D        | Found a shadowy altar of Dithmenos.
    27 | D        | Found a deep blue altar of Sif Muna.
    27 | D        | Found a burning altar of Makhleb.
    27 | D        | Found a shimmering altar of Xom.
    27 | D        | Found an ancient bone altar of Kikubaaqudgha.
    27 | D        | Found a sparkling altar of Nemelex Xobeh.
    28 | D        | Found a glowing golden altar of the Shining One.
    28 | D        | Found a bloodstained altar of Trog.
    28 | D        | Found a shattered altar of Ashenzari.
    28 | D        | Found a white marble altar of Elyvilon.
    28 | D        | Found a snail-covered altar of Cheibriados.
    28 | D        | Found a blossoming altar of Fedhas.
    28 | D        | Found a radiant altar of Vehumet.
    28 | D        | Found a glowing silver altar of Zin.
    28 | D        | Found a corrupted altar of Lugonu.
    28 | D        | Found a viscous altar of Jiyva.
    28 | D        | Found a roughly hewn altar of Beogh.
    28 | D        | Found an iron altar of Okawaru.
    31 | D        | Became a worshipper of Sif Muna the Loreminder
    63 | D        | Noticed a worker ant
    80 | D        | Killed a worker ant
    80 | D        | Reached skill level 1 in Staves
    80 | D        | Reached skill level 6 in Spellcasting
    80 | D        | Reached XP level 2. HP: 10/15 MP: 0/12
    81 | D        | Reached XP level 3. HP: 11/19 MP: 1/16
   127 | D        | Killed an iron dragon
   175 | D        | Learned a level 2 spell: Blink
   178 | D        | Learned a level 2 spell: Call Imp
   182 | D        | Learned a level 3 spell: Conjure Flame
   185 | D        | Learned a level 2 spell: Repel Missiles
   188 | D        | Learned a level 2 spell: Slow
   192 | D        | Learned a level 3 spell: Mephitic Cloud
   361 | D        | Noticed a centaur
   363 | D        | Paralysed by a giant eyeball for 2 turns
   367 | D        | Acquired Sif Muna's first power
   367 | D        | Reached skill level 7 in Spellcasting
   375 | D        | Shot with an arrow of flame by a centaur

Action                   || total
-------------------------++-------
Melee: Quarterstaff      ||     4
 Cast: Magic Dart        ||    32
       Mephitic Cloud    ||     1
       Blink             ||     1
  Use: Potion            ||     3
